 Dungeon Crawl Stone Soup version 0.24-a0-347-g1a3e1d35ff (webtiles) character file.

Game seed: 1218283109983130789

2277 Gumption the Cleaver (level 9, -6/79 HPs)
             Began as a Minotaur Berserker on May 23, 2019.
             Was a Priest of Trog.
             Mangled by a manticore (16 damage)
             ... on level 7 of the Dungeon.
             The game lasted 00:34:28 (6730 turns).

Gumption the Cleaver (Minotaur Berserker)           Turns: 6730, Time: 00:34:29

Health: -6/79      AC: 10    Str: 25    XL:     9   Next: 16%
Magic:  0/8        EV: 17    Int:  5    God:    Trog [***...]
Gold:   325        SH:  0    Dex: 14    Spells: 8/8 levels left

rFire    + . .     SeeInvis .   a - +2 hand axe (elec)
rCold    + . .     Gourm    .   (no shield)
rNeg     . . .     Faith    .   p - +0 chain mail
rPois    .         Spirit   +   (helmet restricted)
rElec    .         Reflect  .   L - scarf {rC+ rF+}
rCorr    .         Harm     .   (no gloves)
MR       ++...                  (no boots)
Stlth    ..........             k - amulet of guardian spirit
HPRegen  1.23/turn              (no ring)
MPRegen  0.11/turn              (no ring)

@: agile, regenerating
A: retaliatory headbutt, horns 2
a: Berserk, Trog's Hand, Renounce Religion


You were on level 7 of the Dungeon.
You worshipped Trog.
Trog was most pleased with you.
You were hungry.

You visited 2 branches of the dungeon, and saw 8 of its levels.

You collected 325 gold pieces.

Inventory:

Hand Weapons
 a - a +2 hand axe of electrocution (weapon)
 b - a +2 shortbow of freezing
 G - a +0 war axe
 H - a +0 hand crossbow
Missiles
 d - 160 stones (quivered)
 n - 110 arrows
 x - 5 boomerangs
 z - 63 bolts
Armour
 p - a +0 chain mail (worn)
 v - a +1 cloak
 w - a scarf of repulsion
 L - a scarf of resistance (worn)
Jewellery
 k - an amulet of guardian spirit (around neck)
 B - a +2 amulet of reflection
Wands
 o - a wand of polymorph (7)
 r - a wand of enslavement (6)
 C - a wand of flame (13)
 E - a wand of digging (5)
Scrolls
 f - a scroll of noise {unknown}
 g - 3 scrolls of teleportation
 i - a scroll of immolation
 l - a scroll of magic mapping
 m - a scroll of blinking
 q - 3 scrolls of identify
 t - 2 scrolls of enchant armour
 y - a scroll of amnesia {unknown}
 A - a scroll of random uselessness {unknown}
 I - a scroll of remove curse
 J - a scroll of acquirement {unknown}
 M - a scroll of vulnerability {unknown}
Potions
 e - a potion of mutation
 h - a potion of magic
 j - a potion of berserk rage
 s - a potion of cancellation
 D - a potion of invisibility
 K - a potion of might
Comestibles
 c - 11 rations
 F - 5 chunks of flesh


   Skills:
 + Level 7.5 Fighting
 * Level 9.9 Axes
 + Level 6.9 Armour
 + Level 6.3 Dodging


You had 8 spell levels left.
You didn't know any spells.
Your spell library was empty.

Dungeon Overview and Level Annotations

Branches:
Dungeon (7/15)             Temple (1/1) D:5

Altars:
Ashenzari
Cheibriados
Dithmenos
Elyvilon
Fedhas
Gozag
Hepliaklqana
Kikubaaqudgha
Makhleb
Nemelex Xobeh
Okawaru
Qazlal
Ru
Sif Muna
Trog
Uskayaw
Vehumet
Wu Jian
Xom
Yredelemnul
Zin
The Shining One

Annotations:
D:7 3 runed translucent doors, P0WERM0DE's ghost, novice FoFi


Innate Abilities, Weirdness & Mutations

You reflexively headbutt those who attack you in melee.
You have a pair of horns on your head.


Message History

The manticore bites you! The manticore barely misses you.
The manticore claws you but does no damage.
You hit the manticore.
Lightning courses through the manticore!
Your headbutt misses the manticore.
The manticore is heavily wounded.
The manticore bites you!
* * * LOW HITPOINT WARNING * * *
The manticore claws you but does no damage.
The manticore claws you!
* * * LOW HITPOINT WARNING * * *
You feel agile all of a sudden. The manticore bites you.
* * * LOW HITPOINT WARNING * * *
The manticore claws you but does no damage.
The manticore closely misses you.
You hit the manticore but do no damage. Your headbutt misses the manticore.
The manticore is heavily wounded.
The manticore bites you!!
You die...

.# #.# #
.##### # ##.
.##..## .#
.#....# ###
#.### ..))##.#
... .... .#.##
#.# ..# #.
.#.# #..#l.#
#. .#.#.. #H#
#. .#.##.. #@#
#. .###
#.#####
##.#### ##. ..
.....# #.....#
.. .. ....#
##...#..# ##
###
#..###...###.#
. #.
#..#......#..#
... #.
#.............
.....#.
#..#..#......#
.......
#..#.###...###
.......


You could see a manticore and a leopard gecko.

Vanquished Creatures
  Joseph (D:7)
  A hippogriff (D:4)
  Eustachio (D:5)
  An ice beast (D:5)
  A sky beast (D:5)
  An eye of draining (D:7)
  An ogre (D:4)
  3 centaurs
  2 bullfrogs
  A scorpion (D:4)
  A howler monkey (D:4)
  A crimson imp (D:6)
  A bullfrog zombie (D:6)
  An orc priest (D:4)
  2 hounds
  A jelly (D:6)
  5 bullfrog skeletons
  5 orc wizards
  4 iguanas
  4 worker ants
  A howler monkey skeleton (D:4)
  5 adders
  4 oozes
  A worm (D:3)
  2 dart slugs
  2 leopard geckos
  22 orcs
  5 giant cockroaches
  7 goblins
  3 hobgoblins
  7 jackals
  3 quokkas (D:6)
  A ball python (D:1)
  6 bats
  5 frilled lizards
  7 kobolds
  A leopard gecko zombie (D:7)
  2 quokka skeletons
  9 rats
  2 fungi (D:4)
  A plant (D:4)
134 creatures vanquished.

Vanquished Creatures (others)
  A phantom (D:6)
1 creature vanquished.

Grand Total: 135 creatures vanquished

Notes
Turn   | Place    | Note
-------+----------+-------------------------------------------
     0 | D:1      | Gumption the Minotaur Berserker began the quest for the
                  | Orb.
     0 | D:1      | Reached XP level 1. HP: 19/19 MP: 0/0
   249 | D:1      | Reached XP level 2. HP: 27/27 MP: 1/1
   320 | D:1      | Reached skill level 4 in Axes
   690 | D:1      | Reached XP level 3. HP: 33/33 MP: 2/2
  1257 | D:2      | Found an iron altar of Okawaru.
  1360 | D:2      | Noticed a centaur
  1372 | D:2      | Killed a centaur
  1372 | D:2      | Reached skill level 5 in Axes
  1372 | D:2      | Reached XP level 4. HP: 10/41 MP: 3/3
  1764 | D:2      | Reached XP level 5. HP: 47/47 MP: 4/4
  2496 | D:3      | Reached ** piety under Trog
  2543 | D:3      | Found a bloodstained altar of Trog.
  2543 | D:3      | Found a basalt altar of Yredelemnul.
  2570 | D:3      | Found a shattered altar of Ashenzari.
  2769 | D:3      | Found a faded altar of an unknown god.
  2769 | D:3      | Found a faded altar of an unknown god.
  2774 | D:3      | Found a blossoming altar of Fedhas.
  2776 | D:3      | Found a stormy altar of Qazlal.
  2778 | D:3      | Found a sparkling altar of Nemelex Xobeh.
  3120 | D:4      | Noticed a hippogriff
  3129 | D:4      | Killed a hippogriff
  3129 | D:4      | Reached skill level 5 in Fighting
  3129 | D:4      | Reached skill level 6 in Axes
  3129 | D:4      | Reached XP level 6. HP: 56/56 MP: 5/5
  3221 | D:4      | Reached XP level 7. HP: 61/61 MP: 6/6
  3293 | D:4      | Reached skill level 7 in Axes
  3646 | D:4      | Found a sacrificial altar of Ru.
  3925 | D:4      | Reached skill level 5 in Armour
  3938 | D:4      | Reached *** piety under Trog
  4178 | D:5      | Entered Level 5 of the Dungeon
  4546 | D:5      | Found a staircase to the Ecumenical Temple.
  4546 | D:5      | Noticed Eustachio
  4553 | D:5      | Killed Eustachio
  4553 | D:5      | Reached skill level 8 in Axes
  4553 | D:5      | Reached skill level 5 in Dodging
  4553 | D:5      | Reached XP level 8. HP: 70/70 MP: 7/7
  4557 | Temple   | Entered the Ecumenical Temple
  5215 | D:6      | Found a glowing silver altar of Zin.
  5216 | D:6      | Noticed an angel
  5218 | D:6      | Found a shimmering altar of Xom.
  5573 | D:6      | Reached skill level 9 in Axes
  6178 | D:7      | Found a runed translucent gate.
  6178 | D:7      | Found a runed translucent gate.
  6178 | D:7      | Found a runed translucent gate.
  6179 | D:7      | Found an opulent altar of Gozag.
  6181 | D:7      | Noticed P0WERM0DE's ghost (novice FoFi)
  6181 | D:7      | Noticed a green ugly thing
  6327 | D:7      | Noticed Joseph
  6343 | D:7      | Killed Joseph
  6343 | D:7      | Reached XP level 9. HP: 56/79 MP: 8/8
  6547 | D:7      | Noticed a tengu conjurer
  6718 | D:7      | Noticed a manticore
  6730 | D:7      | Mangled by a manticore

Levels and vault maps discovered:
D:1:      erik_arrival_gehennom, layout_loops_ring
D:2:      layout_basic, old_standard_altar, minmay_puff
D:3:      layout_rooms, chequers_temple_overflow_minitemple,
          gammafunk_temple_overflow_elements, evilmike_ruin_ashenzari
D:4:      layout_basic, first_ration, nicolae_ru_the_path_less_chosen
D:5:      layout_basic, temple_doors_ab, kennysheep_generic_room_16,
          uniq_eustachio
D:6:      layout_basic, grunt_temple_overflow_order_and_chaos_1
D:7:      minmay_the_grid_plus [minmay_the_grid_x, minmay_the_grid_outer_circle,
          minmay_the_grid_eight, minmay_the_grid_fan,
          minmay_the_grid_prize_trominoes], layout_basic, ebering_ghost_gozag,
          uniq_joseph
Temple:   nicolae_temple_god_jail

Skill      XL: |  1  2  3  4  5  6  7  8 |
---------------+-------------------------+-----
Axes           | 4 5 6 8 9 |  9.9
Fighting       | 4 5 6 7 |  7.5
Armour         | 3 4 5 6 |  6.9
Dodging        | 3 4 5 6 |  6.3

Action                   |  1- 3 |  4- 6 |  7- 9 || total
-------------------------+-------+-------+-------++-------
Melee: Hand axe          |    71 |    50 |   218 ||   339
       Headbutt          |     8 |     6 |    49 ||    63
       War axe           |       |       |     9 ||     9
 Fire: Shortbow          |       |    58 |    23 ||    81
Throw: Stone             |    34 |       |       ||    34
Invok: Berserk           |     4 |     1 |     3 ||     8
       Trog's Hand       |       |       |     4 ||     4
  Use: Scroll            |       |    10 |     7 ||    17
       Potion            |       |       |     2 ||     2
 Stab: Sleeping          |     1 |       |       ||     1
  Eat: Chunk             |     3 |     9 |    14 ||    26
Armor: Animal skin       |     4 |       |       ||     4
       Ring mail         |    13 |     1 |       ||    14
       Chain mail        |       |    28 |    90 ||   118
Dodge: Dodged            |    42 |    45 |    75 ||   162

Table legend:
 A = Non-vault XP
 B = Vault XP
 C = Vault XP percentage of total XP
 D = Non-vault monster count
 E = Vault monster count
 F = Vault count percentage of total count
                 A         B        C        D         E       F
            +---------+---------+-------+---------+---------+-------
      Total |    2357 |     897 |  27.6 |     117 |      14 |  10.7
            +---------+---------+-------+---------+---------+-------
        D:1 |      34 |      19 |  35.8 |      21 |       5 |  19.2
        D:2 |     160 |       4 |   2.4 |      11 |       2 |  15.4
        D:3 |     109 |       0 |   0.0 |      26 |       0 |   0.0
        D:4 |     796 |       0 |   0.0 |      22 |       0 |   0.0
        D:5 |     412 |     196 |  32.2 |       8 |       1 |  11.1
        D:6 |     509 |       0 |   0.0 |      24 |       0 |   0.0
        D:7 |     337 |     678 |  66.8 |       5 |       6 |  54.5
            +---------+---------+-------+---------+---------+-------
